 Dungeon Crawl Stone Soup version 0.18-a0-1300-g6e8322c (webtiles) character file.

4904 dvd the Thaumaturge (level 10, -10/52 HPs)
             Began as a Deep Elf Fire Elementalist on Feb 11, 2016.
             Was a Believer of Vehumet.
             Mangled by a two-headed hydra (13 damage)
             ... on level 8 of the Dungeon.
             The game lasted 00:34:20 (10079 turns).

dvd the Thaumaturge (Deep Elf Fire Elementalist)   Turns: 10079, Time: 00:34:21

Health: -10/52     AC:  4    Str:  5    XL:     10   Next: 27%
Magic:  7/27       EV: 15    Int: 30    God:    Vehumet [**....]
Gold:   297        SH:  0    Dex: 15    Spells: 8 memorised, 10 levels left

rFire  . . .     SeeInvis .     i - +1 hand crossbow of Vukhlyog {flame, rElec rC+} (curse)
rCold  + . .     Gourm    .     e - +0 robe
rNeg   . . .     Faith    .     (no shield)
rPois  .         Spirit   .     (no helmet)
rElec  +         Dismiss  +     (no cloak)
rCorr  .         Reflect  .     o - +1 pair of gloves
SustAt .         Harm     .     (no boots)
MR     +....                    u - amulet of dismissal
Stlth  +++.......               (no ring)
                                B - +6 ring of intelligence

@: invisible, somewhat resistant to hostile enchantments, fairly stealthy
A: no striking features
a: Renounce Religion


You were on level 8 of the Dungeon.
You worshipped Vehumet.
Vehumet was pleased with you.
You were hungry.

You visited 2 branches of the dungeon, and saw 9 of its levels.

You collected 297 gold pieces.

Inventory:

Hand Weapons
 a - a +0 short sword of venom
 i - the cursed +1 hand crossbow of Vukhlyog (weapon) {flame, rElec rC+}
   (You took it off an orc on level 6 of the Dungeon)

   It causes projectiles fired from it to burn those they strike, causing extra
   injury to most foes and up to half again as much damage against particularly
   susceptible opponents.
   It protects you from cold.
   It insulates you from electricity.
   It has a curse placed upon it.
 q - a +0 quarterstaff
 x - a +2 short sword of venom
Armour
 e - a +0 robe (worn)
 o - a +1 pair of gloves (worn)
Jewellery
 u - an amulet of dismissal (around neck)
 B - a +6 ring of intelligence (left hand)
Wands
 g - a wand of digging (19/24)
 s - a wand of digging (1/24)
Scrolls
 f - 3 scrolls of identify
 h - a scroll of amnesia
 k - 2 scrolls of teleportation
 l - 2 scrolls of enchant armour
Potions
 d - a potion of curing
 j - a potion of haste
 n - 3 potions of flight
 r - a potion of invisibility
 A - 2 potions of berserk rage
Books
 b - a book of Flames

   Spells                             Type                      Level
   a - Flame Tongue                   Conjuration/Fire             1
   b - Throw Flame                    Conjuration/Fire             2
   c - Conjure Flame                  Conjuration/Fire             3
   d - Inner Flame                    Hexes/Fire                   3
   e - Sticky Flame                   Conjuration/Fire             4
   f - Fireball                       Conjuration/Fire             5
 p - a book of Battle

   Spells                             Type                      Level
   a - Infusion                       Charms                       1
   b - Shroud of Golubria             Charms/Translocation         2
   c - Song of Slaying                Charms                       2
   d - Spectral Weapon                Hexes/Charms                 3
   e - Regeneration                   Charms/Necromancy            3
Comestibles
 c - 3 bread rations
 t - 2 chunks of flesh
 v - a royal jelly
 w - 12 fruits
 z - 2 beef jerkies
 D - 7 slices of pizza


   Skills:
 + Level 1.5 Fighting
 + Level 1.2 Short Blades
 + Level 5.6 Dodging
 + Level 6.0 Stealth
 + Level 11.2 Spellcasting
 + Level 8.2 Conjurations
 + Level 1.1 Charms
 + Level 0.5 Necromancy
 + Level 0.4 Translocations
 + Level 8.6 Fire Magic
 + Level 1.9 Air Magic
 + Level 0.2 Earth Magic


You had 10 spell levels left.
You knew the following spells:

 Your Spells              Type           Power        Failure   Level  Hunger
a - Stone Arrow           Conj/Erth      #####.       1%          3    None
b - Throw Flame           Conj/Fire      ######       1%          2    None
c - Sticky Flame          Conj/Fire      ######..     1%          4    None
d - Fireball              Conj/Fire      ######....   2%          5    ###....
e - Shock                 Conj/Air       ####         1%          1    None
f - Magic Dart            Conj           ####         1%          1    None
g - Shroud of Golubria    Chrm/Tloc      ###.......   3%          2    None
h - Regeneration          Chrm/Necr      ###.......   10%         3    None


Dungeon Overview and Level Annotations

Branches:
Dungeon (8/15)             Temple (1/1) D:4
   Lair: D:8-11

Altars:
Ashenzari
Cheibriados
Dithmenos
Elyvilon
Fedhas
Gozag
Kikubaaqudgha
Makhleb
Nemelex Xobeh
Okawaru
Pakellas
Qazlal
Ru
Sif Muna
Trog
Vehumet
Xom
Yredelemnul
Zin
The Shining One

Shops:
D:7 :


Message History

The two-headed hydra burns!
The two-headed hydra bites you.
* * * LOW HITPOINT WARNING * * *
The two-headed hydra bites you!
* * * LOW HITPOINT WARNING * * *
Drink which item? (? for menu, Esc to quit)
You feel much better.
The two-headed hydra burns!
The two-headed hydra bites you!
* * * LOW HITPOINT WARNING * * *
The two-headed hydra bites you but does no damage.
Read which item? (? for menu, Esc to quit)
Okay, then.
Press: ? - help, v - describe, . - travel
Here: a two-headed hydra (severely wounded, covered in liquid flames)
The floor.
Drink which item? (? for menu, Esc to quit)
You fade into invisibility!
The two-headed hydra burns!
The two-headed hydra bites you!
* * * LOW HITPOINT WARNING * * *
The two-headed hydra bites you!
You die...

#...(..### #####....(...####
##........##.....##### ##
###....?....######.....####.
#......####)##########....#.
#......#.≈§§.§PP# ####...
##.....#.....†≈P# ##.. #
#>....#...D.P)≈# #... ##
#.....#..P@.≈≈P# #... .#
##.....#.....P≈.# #...
.#####.#######'''###'# ####
..##..## #.....# )# ####.
.÷(>...## #.....+ .# ###.p..
..###...## ####### ##
####...... ..# ##...## #.##
###.....!... ..# ##...##
#..#####........(.. .##
#....## ##..#.......###....


You could see a two-headed hydra (burning).

Vanquished Creatures
  Pikel (D:8)
  A manticore (D:7)
  Prince Ribbit (D:5)
  Grinder (D:4)
  Sigmund (D:4)
  2 yaks (D:8)
  A hippogriff (D:7)
  Duvessa (D:6)
  2 ice beasts
  An orc warrior (D:7)
  A wasp (D:8)
  A black bear (D:8)
  A necrophage (D:6)
  An ogre (D:6)
  4 big kobolds
  6 centaurs
  5 giant frogs
  Dowan (D:6)
  A water moccasin skeleton (D:7)
  4 scorpions
  2 crimson imps
  2 centaur zombies
  A giant frog zombie (D:7)
  A jelly (D:7)
  A quasit (D:6)
  3 orc priests
  4 orc wizards
  Ijyb (D:2)
  2 iguanas
  A giant frog skeleton (D:4)
  5 worker ants
  2 sheep (D:8)
  2 hound skeletons
  A worker ant zombie (D:6)
  4 gnolls
  9 adders
  2 oozes
  An adder skeleton (D:4)
  2 worms (D:4)
  6 giant geckos
  32 orcs
  3 ball pythons
  8 giant cockroaches
  7 goblins
  8 hobgoblins
  16 jackals
  4 quokkas
  11 bats
  3 giant gecko skeletons
  6 giant newts
  A jackal skeleton (D:4)
  15 kobolds
  A quokka zombie (D:7)
  8 rats
212 creatures vanquished.

Vanquished Creatures (others)
  A gnoll (D:5)
  2 plants (D:4)
3 creatures vanquished.

Grand Total: 215 creatures vanquished

Notes
Turn   | Place    | Note
--------------------------------------------------------------
     0 | D:1      | dvd the Deep Elf Fire Elementalist began the quest for the Orb.
     0 | D:1      | Reached XP level 1. HP: 10/10 MP: 6/6
   443 | D:1      | Reached XP level 2. HP: 15/15 MP: 6/8
   815 | D:1      | Learned a level 2 spell: Throw Flame
  1290 | D:2      | Found a snail-covered altar of Cheibriados.
  1404 | D:2      | Reached XP level 3. HP: 19/19 MP: 8/10
  1565 | D:2      | Reached skill level 4 in Fire Magic
  1723 | D:2      | Found an oddly glowing altar of Pakellas.
  1778 | D:2      | Noticed Ijyb
  1788 | D:2      | Killed Ijyb
  1859 | D:2      | Reached XP level 4. HP: 17/24 MP: 8/12
  1869 | D:2      | Learned a level 4 spell: Sticky Flame
  3071 | D:3      | Reached XP level 5. HP: 28/28 MP: 9/13
  3632 | D:4      | Found a staircase to the Ecumenical Temple.
  3659 | Temple   | Entered the Ecumenical Temple
  3670 | Temple   | Became a worshipper of Vehumet
  3803 | D:4      | Noticed Grinder
  3804 | D:4      | Paralysed by Grinder for 3 turns
  3809 | D:4      | Killed Grinder
  3809 | D:4      | Reached skill level 5 in Spellcasting
  3809 | D:4      | Reached skill level 5 in Fire Magic
  3809 | D:4      | Reached XP level 6. HP: 31/33 MP: 1/16
  3919 | D:4      | Found a bloodstained altar of Trog.
  3920 | D:4      | Found an iron altar of Okawaru.
  3997 | D:4      | Learned a level 5 spell: Fireball
  4032 | D:4      | Reached XP level 7. HP: 33/37 MP: 4/17
  4300 | D:4      | Reached * piety under Vehumet
  4300 | D:4      | Offered knowledge of Shock by Vehumet.
  4300 | D:4      | Reached skill level 6 in Spellcasting
  4303 | D:4      | Learned a level 1 spell: Shock
  4370 | D:4      | Noticed Sigmund
  4377 | D:4      | Killed Sigmund
  4768 | D:4      | Reached skill level 1 in Fighting
  5096 | D:5      | Entered Level 5 of the Dungeon
  5259 | D:5      | Reached skill level 7 in Spellcasting
  5272 | D:5      | Reached XP level 8. HP: 28/43 MP: 6/20
  5668 | D:5      | Reached skill level 5 in Conjurations
  5909 | D:5      | Noticed Prince Ribbit
  5919 | D:5      | Reached skill level 5 in Stealth
  5927 | D:5      | Killed Prince Ribbit
  6264 | D:5      | Found a stormy altar of Qazlal.
  6573 | D:5      | Reached skill level 8 in Spellcasting
  6998 | D:6      | Noticed Duvessa
  7000 | D:6      | Noticed Dowan
  7014 | D:6      | Killed Duvessa
  7014 | D:6      | Reached skill level 1 in Short Blades
  7014 | D:6      | Killed Dowan
  7014 | D:6      | Reached skill level 1 in Air Magic
  7194 | D:6      | Reached skill level 9 in Spellcasting
  7194 | D:6      | Reached XP level 9. HP: 47/47 MP: 10/24
  7247 | D:6      | Gained mutation: You are robust (+10% HP). [potion of mutation]
  7247 | D:6      | Gained mutation: You tend to lose your temper in combat. [potion of mutation]
  7247 | D:6      | Gained mutation: Your spells are a little harder to cast, but a little more powerful. [potion of mutation]
  7249 | D:6      | Gained mutation: Your spells are harder to cast, but more powerful. [potion of beneficial mutation]
  7250 | D:6      | Lost mutation: You tend to lose your temper in combat. [potion of cure mutation]
  7250 | D:6      | Lost mutation: You are robust (+10% HP). [potion of cure mutation]
  7250 | D:6      | Lost mutation: Your spells are harder to cast, but more powerful. [potion of cure mutation]
  7250 | D:6      | Lost mutation: Your spells are a little harder to cast, but a little more powerful. [potion of cure mutation]
  7255 | D:6      | Reached ** piety under Vehumet
  7255 | D:6      | Offered knowledge of Magic Dart by Vehumet.
  7263 | D:6      | Learned a level 1 spell: Magic Dart
  7528 | D:6      | Got a dazzling hand crossbow
  7529 | D:6      | Identified the cursed +1 hand crossbow of Vukhlyog {flame, rElec rC+} (You took it off an orc on level 6 of the Dungeon)
  8153 | D:7      | Noticed a manticore
  8158 | D:7      | Killed a manticore
  8158 | D:7      | Reached skill level 10 in Spellcasting
  8632 | D:7      | Found a shadowy altar of Dithmenos.
  8644 | D:7      | Offered knowledge of Stone Arrow by Vehumet.
  8650 | D:7      | Learned a level 3 spell: Stone Arrow
  9021 | D:7      | Found Vonaum's Book Shop.
  9238 | D:7      | Learned a level 2 spell: Shroud of Golubria
  9242 | D:7      | Learned a level 3 spell: Regeneration
  9414 | D:8      | Reached skill level 5 in Dodging
  9703 | D:8      | Noticed Pikel
  9706 | D:8      | Killed Pikel
  9706 | D:8      | Reached XP level 10. HP: 52/52 MP: 14/26
  9959 | D:8      | Noticed a two-headed hydra
  9967 | D:8      | Reached skill level 11 in Spellcasting
 10036 | D:8      | Reached skill level 1 in Charms
 10077 | D:8      | HP: 1/52 [two-headed hydra (14)]
 10079 | D:8      | Mangled by a two-headed hydra

Vault maps used:
D:1:      shiori_arrival_maze
D:2:      johnstein_pakellas_dig, first_bread, minivault_4, st_stairs_10,
          grunt_ministairs_3, lemuel_statue_altar, uniq_iyjb
D:3:      st_stairs_14
D:4:      grunt_temple_overflow_bloody_war, minmay_temple_entry_crystal_x,
          serial_glass, glass_columns_b, glass_columns_a,
          lexackson_kobold_supper, uniq_sigmund, uniq_grinder
D:5:      grunt_qazlal_clouds, serial_co_window_serial,
          co_window_of_opportunity_a, co_window_of_opportunity_a,
          co_window_paths_a, co_window_of_opportunity_a, co_window_corner_a,
          co_window_unsneaky_path_c, co_window_unsneaky_path_c,
          co_window_corner_ca, co_window_of_opportunity_c, co_window_broadway_b,
          co_window_broadway_c, co_window_broadway_a, glass_columns_a,
          glass_columns_c, glass_columns_c, glass_columns_b, glass_columns_b,
          uniq_prince_ribbit1
D:6:      kennysheep_generic_room_14, uniq_duvessa
D:7:      wad_pebble_path, lemuel_crystal_altar, serial_shops,
          nicolae_shop_temple_entry_statues_fountains
D:8:      hangedman_ranch, tgw_sif, uniq_pikel
Temple:   nicolae_temple_no_exploring_needed

Action                   |  1- 3 |  4- 6 |  7- 9 | 10-12 || total
-------------------------+-------+-------+-------+-------++-------
Melee: Short sword       |    12 |    21 |    33 |       ||    66
 Cast: Flame Tongue      |    52 |    57 |    27 |       ||   136
       Throw Flame       |     4 |    33 |    82 |     6 ||   125
       Sticky Flame      |       |     5 |    27 |     6 ||    38
       Shock             |       |       |    35 |     6 ||    41
       Fireball          |       |       |    20 |     6 ||    26
       Magic Dart        |       |       |     7 |       ||     7
       Stone Arrow       |       |       |     2 |     1 ||     3
       Shroud of Golubri |       |       |     1 |     2 ||     3
       Regeneration      |       |       |       |     1 ||     1
  Use: Potion            |       |       |    12 |     2 ||    14
       Scroll            |       |       |     8 |       ||     8
 Stab: Sleeping          |     4 |     4 |     4 |       ||    12
  Eat: Chunk             |     3 |     7 |    18 |     2 ||    30
       Royal jelly       |       |       |     1 |       ||     1
